 Dungeon Crawl Stone Soup version 0.31-a0-188-g5e087ee2ca (webtiles) character file.

Game seed: 10360454512484472706

60 qw the Shooter (level 3, 0/20 HPs)
             Began as a Deep Elf Hunter on June 23, 2023.
             Succumbed to their own poison gas
             ... on level 2 of the Dungeon.
             The game lasted 00:00:31 (1098 turns).

qw the Shooter (Deep Elf Hunter)                    Turns: 1098, Time: 00:00:32

Health: 0/20       AC:  6    Str: 10    XL:     3   Next: 80%
Magic:  5/5        EV: 12    Int: 13    God:
Gold:   64         SH:  0    Dex: 18    Spells: 2/2 levels left

rFire   . . .        Y - +0 shortbow
rCold   . . .        (shield currently unavailable)
rNeg    . . .        c - +0 leather armour
rPois   .            d - +2 helmet
rElec   .            (no cloak)
rCorr   .            (no gloves)
SInv    .            (no boots)
Will    .....        (no amulet)
Stlth   ++           (no ring)
HPRegen 0.23/turn    (no ring)
MPRegen 0.09/turn

%: no passive effects
@: lethally poisoned (0 -> -5)
A: no striking features
a: no special abilities


You were on level 2 of the Dungeon.
You visited 1 branch of the dungeon, and saw 2 of its levels.

You collected 64 gold pieces.


   Skills:
 - Level 1.5 Fighting
 + Level 7.3 Ranged Weapons
 - Level 2.4 Dodging
 - Level 1.2 Stealth


You had 2 spell levels left.
You didn't know any spells.
Your spell library was empty.

Inventory:

Hand Weapons
 Y - a +0 shortbow (weapon)
Armour
 c - a +0 leather armour (worn)
 d - a +2 helmet (worn)
Scrolls
 a - a scroll of identify
Potions
 e - a potion of mutation
 h - a potion of curing {unknown}

Dungeon Overview and Level Annotations

Branches:
Dungeon (2/15)

Altars:


Message History

It was a scroll of blinking.
Done exploring.
1090 ||| READING scroll labelled SIOGAG XEQI.
As you read the scroll labelled SIOGAG XEQI, it crumbles to dust.
It is a scroll of enchant armour.
Really abort (and waste the scroll)?
Done exploring.
1091 ||| READING 2 scrolls of identify.
As you read the scroll of identify, it crumbles to dust.
e - a potion of mutation;
1091 ||| IDENTIFYING lumpy dark potion Done exploring.
1092 ||| DROPPING scroll of poison.
You drop a scroll of poison.
Done exploring.
(D) Dungeon
Where to? (* - list waypoints, Enter - D:2, ? - help)
What level of the Dungeon? (default 1, ? - help) Sorry, I don't know how to get there.
Enter note:
Enter note:
Enter note:
Enter note:
Enter note:
Enter note:
Enter note:
Enter note:
Enter note: Really walk into that cloud of poison gas?
You are engulfed in poison gas.
You are poisoned.
You feel very sick.
1094 ||| Stepping ~*~*~tactically~*~*~ (cloud).
You feel very sick.
You see here a scroll of poison.
There is a lethal amount of poison in your body!
You feel sick.
There is a lethal amount of poison in your body!
You feel sick.
There is a lethal amount of poison in your body!
You feel sick.
There is a lethal amount of poison in your body!
You die...

#.....>..........###.###
#0¤¤0000¤000¤¤##.(......
#¤¤00¤¤¤000¤00#.........
#00¤0¤¤00¤¤0¤.#.#.......
#¤¤000¤.00¤0¤¤..#.......
#¤¤0¤¤0¤00¤¤0..##.......
#¤.¤¤0000¤0000.##.......
#¤.¤¤0¤0¤¤0000.....#####
#¤0¤¤0¤@¤¤¤.00.#####
#¤0¤¤.0¤¤00000.#
####¤¤0¤00¤0¤..#
#¤000¤¤.¤0¤##
#0.0¤0..0¤¤#
##0¤0¤0¤0¤## ##0000.0##
########


There were no monsters in sight!

Vanquished Creatures
  An adder (D:2)
  A worm (D:2)
  3 dart slugs (D:1)
  3 ball pythons (D:1)
  4 bats
  2 endoplasms (D:1)
  2 giant cockroaches (D:1)
  5 goblins
  2 hobgoblins
  6 kobolds (D:1)
  3 quokkas (D:1)
  4 frilled lizards
  2 rats
38 creatures vanquished.

Notes
Turn   | Place    | Note
-------+----------+-------------------------------------------
     0 | D:1      | qw the Deep Elf Hunter began the quest for the Orb.
     0 | D:1      | Reached XP level 1. HP: 12/12 MP: 3/3
     0 | D:1      | 0 ||| qw: Version: 0.3-a-9-g12657ce
     0 | D:1      | 0 ||| qw: Game counter: 4005
     0 | D:1      | 0 ||| qw: Always use a shield: true
     0 | D:1      | 0 ||| qw: God list: Okawaru
     0 | D:1      | 0 ||| qw: Allow faded altars: false
     0 | D:1      | 0 ||| qw: Do Orc after D:15 true
     0 | D:1      | 0 ||| qw: Do second Lair branch before Depths: true
     0 | D:1      | 0 ||| qw: Lair rune preference: random
     0 | D:1      | 0 ||| qw: Plans: Normal
     0 | D:1      | 0 ||| PLANNING D:1-11
    84 | D:1      | 84 ||| FLEEEEING.
    85 | D:1      | 85 ||| FLEEEEING.
    86 | D:1      | 86 ||| FLEEEEING.
    87 | D:1      | 87 ||| FLEEEEING.
    90 | D:1      | 90 ||| FLEEEEING.
    91 | D:1      | 91 ||| FLEEEEING.
    92 | D:1      | 92 ||| FLEEEEING.
    93 | D:1      | 93 ||| FLEEEEING.
    96 | D:1      | Reached XP level 2. HP: 15/16 MP: 4/4
    97 | D:1      | Reached skill level 6 in Ranged Weapons
   206 | D:1      | 206 ||| FLEEEEING.
   207 | D:1      | 207 ||| FLEEEEING.
   208 | D:1      | 208 ||| FLEEEEING.
   313 | D:1      | Reached XP level 3. HP: 15/20 MP: 5/5
   692 | D:1      | 692 ||| READING scroll labelled SEGAKIA CEELOCH.
   693 | D:1      | 693 ||| DROPPING scroll of butterflies.
   886 | D:2      | Reached skill level 7 in Ranged Weapons
  1083 | D:2      | 1083 ||| UPGRADING to +2 helmet.
  1088 | D:2      | 1088 ||| READING 2 scrolls labelled SEOPSA GAOJEOW.
  1089 | D:2      | 1089 ||| READING scroll labelled SOFROMPODAA.
  1090 | D:2      | 1090 ||| READING scroll labelled SIOGAG XEQI.
  1091 | D:2      | 1091 ||| READING 2 scrolls of identify.
  1091 | D:2      | 1091 ||| IDENTIFYING lumpy dark potion
  1092 | D:2      | 1092 ||| DROPPING scroll of poison.
  1094 | D:2      | 1094 ||| Stepping ~*~*~tactically~*~*~ (cloud).
  1095 | D:2      | HP: 4/20 [poisoned by you (poison gas)]
  1097 | D:2      | HP: 1/20 [poisoned by you (poison gas)]
  1098 | D:2      | Succumbed to their own poison gas

Levels and vault maps discovered:
D:1:      saegor_arrival_simple_e, layout_loops_ring
D:2:      layout_rooms, minmay_misc_feat_rows

Skill      XL: |  1  2  3 |
---------------+----------+-----
Ranged Weapons | 6 7 |  7.3
Fighting       | |  1.5
Dodging        | |  2.4
Stealth        | |  1.2

Action                     || total
---------------------------++-------
   Fire: Shortbow          ||   103
    Use: Scroll            ||     5
 Armour: Leather armour    ||     6
  Dodge: Dodged            ||     5

Table legend:
 A = Non-vault XP
 B = Vault XP
 C = Vault XP percentage of total XP
 D = Non-vault monster count
 E = Vault monster count
 F = Vault count percentage of total count
                 A         B        C        D         E       F
            +---------+---------+-------+---------+---------+-------
      Total |      86 |       0 |   0.0 |      38 |       0 |   0.0
            +---------+---------+-------+---------+---------+-------
        D:1 |      59 |       0 |   0.0 |      30 |       0 |   0.0
        D:2 |      27 |       0 |   0.0 |       8 |       0 |   0.0
            +---------+---------+-------+---------+---------+-------
